 Dungeon Sprint DCSS version 0.30-a0-52-g86a8295270 (webtiles) character file.

Game seed: 5743078006089357409

49466 Ankalagon the Alchemist (level 14, -7/175 HPs)
             Began as a Red Draconian Monk on Sept 6, 2022.
             Was an Initiate of Gozag.
             Mangled by a deathcap (10 damage)
             ... summoned by a curse toe
             ... in the Dungeon (Sprint II: "The Violet Keep of Menkaure").
             The game lasted 00:44:05 (8249 turns).

Ankalagon the Alchemist (Red Draconian Monk)        Turns: 8249, Time: 00:44:06

Health: -7/175     AC: 30    Str: 14    XL:     14   Next: 16%
Magic:  0/31       EV: 20    Int: 11    God:    Gozag
Gold:   5038       SH:  8    Dex: 18    Spells: 11/33 levels left

rFire   + . .      SeeInvis +      - Unarmed
rCold   . . .      Faith    .    (no shield)
rNeg    + . .      Spirit   +    (body armour unavailable)
rPois   ∞          Reflect  .    P - +0 mask of the Dragon {Will+ Slay+3 SInv}
rElec   +          Harm     .    f - +2 cloak
rCorr   .          Rampage  .    (gloves currently unavailable)
Will    +++..      NoTele   +    (boots currently unavailable)
Stlth   ++........               i - brooch of Shielding {Spirit SH+8}
HPRegen 0.39/turn                b - +4 ring of protection
MPRegen 0.22/turn                h - ring of willpower

@: mighty, statue-form (expiring), gold aura, flying, hasted and slowed, unable
to drink, very slow
A: slow and powerful, torment resistance 1, flying, boosted hp, (breathe fire),
AC +8, unfitting armour, fire resistance 1, cold-blooded, antennae 1, big wings,
stinger 1, deterioration 1, high MP 1, subdued magic 1, inability to drink after
injury 2, MP-powered wands
a: End Transformation, Renounce Religion, Potion Petition, Call Merchant, Bribe
Branch


You were in the Dungeon.
You worshipped Gozag.
Gozag was greatly pleased with you.
You were a living statue of rough stone.
You visited 1 branch You collected 20114 gold pieces.
You spent 9550 gold pieces at shops.
You paid 5526 gold pieces to Gozag.

Inventory:

Hand Weapons
 E - the +8 storm bow {elec, penet}
   (You acquired it in the Dungeon)

   Any ammunition fired from it occasionally discharges a powerful burst of
   electricity upon striking a foe.
   Any ammunition fired by it passes through the targets it hits, potentially
   hitting all targets in its path until it reaches maximum range.
 G - a +3 longbow of flaming
 N - the +8 longbow "Taaguss" {vorpal, rC+++ Will+ SInv Stlth-}
   (You found it in the Dungeon)

   Any ammunition fired from it inflicts extra damage upon your enemies.
   rC:        It renders you almost immune to cold.
   SInv:      It lets you see invisible.
   Will:      It increases your willpower.
   Stlth:     It makes you less stealthy.
Missiles
 o - a throwing net
 H - 4 curare-tipped darts
Armour
 f - a +2 cloak (worn)
 k - a +2 hat of willpower
 l - the +0 pair of gloves of Zoxuh (melded) {rPois Dex+3}
   (You bought it in a shop in the Dungeon)

   Dex:       It affects your dexterity (+3).
   rPois:     It protects you from poison.
 m - a +2 pair of boots of flying
 K - the +3 pair of mountain boots (melded) {steadfast, rC+}
   (You found it in the Dungeon)

   It prevents involuntary movement, except for blinking, teleportation, or
   banishment.
   rC:        It protects you from cold.
 P - the +0 mask of the Dragon (worn) {Will+ Slay+3 SInv}
   (You bought it in a shop in the Dungeon)

   Slay:      It affects your accuracy & damage with ranged weapons and melee
   (+3).
   SInv:      It lets you see invisible.
   Will:      It increases your willpower.
 T - the +3 crown of Dyrovepreva {rElec Int+2 SInv}
   (You bought it in a shop in the Dungeon)

   Int:       It affects your intelligence (+2).
   rElec:     It insulates you from electricity.
   SInv:      It lets you see invisible.
 X - a scarf of shadows
Jewellery
 b - a +4 ring of protection (left fist)
 h - a ring of willpower (right fist)
 i - the brooch of Shielding (around neck) {Spirit SH+8}
   (You bought it in a shop in the Dungeon)

   [amulet of guardian spirit]

   It causes incoming damage to be divided between your reserves of health and
   magic.
   SH:        It affects your SH (+8).
 x - a ring of fire
 y - a ring of resist corrosion
 A - a ring of see invisible
 B - the ring of Starshine {Ice Fly Will+ Int+3}
   (You found it in the Dungeon)

   [ring of ice]

   It enhances your ice magic.
   Int:       It affects your intelligence (+3).
   rF:        It makes you vulnerable to fire.
   rC:        It protects you from cold.
   Fly:       It grants you flight.
   Will:      It increases your willpower.
 I - a ring of flight
Scrolls
 n - 2 scrolls of enchant armour
 p - 2 scrolls of enchant weapon
 q - 3 scrolls of fear
 r - a scroll of poison
 s - a scroll of silence
 v - 2 scrolls of torment
 O - 2 scrolls of vulnerability
 R - a scroll of fog
 U - 4 scrolls of identify
 W - a scroll of amnesia
Potions
 a - a potion of ambrosia
 c - 8 potions of curing
 d - 3 potions of haste
 e - 16 potions of magic
 g - a potion of attraction
 j - 10 potions of mutation
 u - 3 potions of lignification
 w - a potion of might
 C - 3 potions of resistance
 D - 3 potions of cancellation
 F - 13 potions of flight
 Q - 7 potions of heal wounds
 S - a potion of invisibility
 V - a potion of berserk rage
 Y - a potion of experience {unknown}
Miscellaneous
 z - a lightning rod (4/4)
 J - a piece from Xom's chessboard (15/15)
 L - a condenser vane
 M - a phantom mirror


   Skills:
 + Level 15.5 Fighting
 + Level 13.2 Dodging
 - Level 1.7 Stealth
 + Level 16.8 Unarmed Combat
 - Level 10.4 Spellcasting
 - Level 5.0 Translocations
 - Level 18.0 Transmutations
 - Level 18.0 Air Magic
 - Level 14.0 Earth Magic
 + Level 4.3 Evocations


You had 11 spell levels left.
You knew the following spells:

 Your Spells              Type           Power      Damage    Failure   Level
d - Statue Form           Tmut/Erth      20%        N/A       1%          6
f - Dragon Form           Tmut           17%        N/A       4%          7
g - Storm Form            Tmut/Air       17%        N/A       4%          7
q - Blink                 Tloc           24%        N/A       1%          2

Your spell library contained the following spells:

 Spells                   Type           Power      Damage    Failure   Level
 Beastly Appendage        Tmut           68%        N/A       0%          1
 Poisonous Vapours        Pois/Air       38%        N/A       1%          2
 Static Discharge         Conj/Air       38%        3-6/arc   1%          2
 Petrify                  Tmut/Erth      31%        N/A       1%          4
 Lee's Rapid Deconstruct  Erth           14%        3d10*     1%          5
 Lesser Beckoning         Tloc           12%        N/A       3%          3
 Leda's Liquefaction      Hex/Erth       8%         N/A       5%          4
 Irradiate                Conj/Tmut      9%         3d14      7%          5
 Silence                  Hex/Air        9%         N/A       7%          5
 Sublimation of Blood     Necr           4%         N/A       16%         2
 Dazzling Flash           Conj/Hex       8%         N/A       32%         3
 Ozocubu's Armour         Ice            4%         N/A       32%         3
 Iskenderun's Mystic Bla  Conj/Tloc      8%         2d4       36%         4
 Manifold Assault         Tloc           12%        N/A       36%         5
 Conjure Ball Lightning   Conj/Air       9%         3x3d6     38%         6
 Agony                    Necr           4%         N/A       97%         5
 Metabolic Englaciation   Hex/Ice        2%         N/A       97%         5
 Starburst                Conj/Fire      2%         6d3       100%        6
 Chain Lightning          Conj/Air       9%         3d12      100%        9
 Death's Door             Necr           2%         N/A       100%        9
 Animate Armour           Summ/Erth      Unusable   N/A       N/A         4
 Corpse Rot               Necr/Pois/Air  Unusable   N/A       N/A         4
 Simulacrum               Ice/Necr       Unusable   N/A       N/A         6

Dungeon Overview and Level Annotations

Branches:
Dungeon (1/1)

Altars:
Cheibriados
Dithmenos
Elyvilon
Fedhas
Gozag
Hepliaklqana
Kikubaaqudgha
Makhleb
Nemelex Xobeh
Okawaru
Qazlal
Ru
Sif Muna
Trog
Uskayaw
Vehumet
Wu Jian
Xom
Yredelemnul
Zin
The Shining One
Jiyva
Lugonu

Shops:
D [[:=(:=*[(:(==[?*![![(?!([![:=:****::*[[=

Annotations:
D exclusions: oklob plant and orange crystal statue


Innate Abilities, Weirdness & Mutations

You are a living statue of rough stone.
Your actions are slow, but your melee attacks are powerful.
You are resistant to unholy torment.
You are flying.
Your maximum health is greatly increased.
You are immune to poison.
Your equipment is partially melded.
((You can breathe blasts of fire.))
((Your fiery red scales are hard. (AC +8)))
You cannot fit into any form of body armour.
Your flesh is heat resistant. (rF+)
You are cold-blooded and may be slowed by cold attacks.
You have a pair of small antennae on your head.
Your large and strong wings let you fly.
Your tail ends in a venomous barb.
Your body sometimes deteriorates upon taking damage.
You have an increased reservoir of magic. (+10% MP)
Your spells are a little easier to cast, but a little less powerful.
You sometimes lose the ability to drink potions when taking damage.
You expend magic power (3 MP) to strengthen your wands.


Message History

Gloorx Vloq moans, "Run away, thou lumpish elf-skinned surfacer!"
You block Gloorx Vloq's attack.
The royal mummy mumbles some strange words.
You pummel Gloorx Vloq!! You tail-slap Gloorx Vloq!!
Gloorx Vloq is almost dead.
The death scarab misses you.
Gloorx Vloq moans, "Accept thy failure, thou tasty curdle!"
Gloorx Vloq hits you!
* * * LOW HITPOINT WARNING * * *
The deathcap misses you. The wandering mushroom misses you.
Gloorx Vloq hits you but does no damage.
You squash Gloorx Vloq like an ant!!!
Gloorx Vloq is almost dead.
You kill Gloorx Vloq!
The Executioner disappears in a puff of smoke!
The death scarab bites you.
* * * LOW HITPOINT WARNING * * *
The deathcap completely misses you.
You block the wandering mushroom's attack.
The death scarab bites you.
* * * LOW HITPOINT WARNING * * *
The death scarab drains your vigour!
You feel as though you will be slow longer.
The death scarab bites you but does no damage.
You feel your strength returning.
You feel your dexterity returning.
Your Fighting skill increases to level 15!
Your Dodging skill increases to level 13!
Your Evocations skill gained 4 levels and is now at level 4!
You have reached level 14!
As you read the scroll of summoning, it crumbles to dust.
Wisps of shadow whirl around you...
The death scarab is distracted by your dazzling golden aura.
The death scarab bites you but does no damage.
The death scarab bites your endoplasm!!
Your endoplasm dies!
Your endoplasm dissolves into shadows!
The wandering mushroom barely misses you.
The deathcap releases spores at you!
You die...
Your body crumbles into a pile of gold.

###### ####### #:|.}#
****▓▓▓***********
∩'.'..###)".}##▓{,,.V+,,,+,$**$,$
##.####..).∩.|.▓,,,..▓,,,*,**,,*$
##§####....[.°.▓,,,°.▓,▓▓▓,**$,**
§§≈≈§§##⌠....#'▓▓*○°.▓,..▓,**,$**
≈§§≈§≈≈##....#f.▓▓▓z▓▓▓▓.▓,*$,,**
§≈≈≈≈§≈≈##''##ffBBMV°▓0..▓,,,$,**
§≈§§≈≈≈##≈§..###8#{°○▓▓▓▓▓▓▓▓▓▓*▓
≈§≈§§§##[≈.....#f#1..▓≈≈§≈≈≈≈≈▓▓▓
++#§§§#####....#f##:V▓▓▓▓▓▓▓▓▓▓▓▓
).)§~~§#..'.^..#..#=)▓Y.).....▓▓.
##§##.~#..####.#..#))▓).[[.)..▓▓.
#~#.##.####..'^##.#)[▓([(.)...▓▓.
..#..#....#..#...####▓.....)..▓▓.
#.#.####..#####..##∩#▓.....(.)▓▓.
##'###.##..#..'..#∩.#▓..[...(.▓▓.


You could see a royal mummy, a curse toe, a vampire knight, a deathcap
(summoned), 4 wandering mushrooms and 2 death scarabs.

Vanquished Creatures
  Gloorx Vloq (D)
  2 golden dragons (D)
  A bone dragon (D)
  An electric golem (D)
  A deep elf blademaster (D)
  A deep elf master archer (D)
  A kraken (D)
  2 sphinxes (D)
  Gastronok (D)
  2 storm dragons (D)
  Kirke (D)
  A frost giant (D)
  A draconian shifter (D)
  A cacodemon (D)
  Nessos (D)
  A dire elephant (D)
  An iron golem (D)
  A crystal guardian (D)
  A deep elf high priest (D)
  A yaktaur captain (D)
  A fire dragon (D)
  A great orb of eyes (D)
  2 boulder beetles (D)
  An ice dragon (D)
  A centaur warrior (D)
  A death yak (D)
  Sonja (D)
  3 sixfirhies (D)
  A skeletal warrior (D)
  2 death drakes (D)
  2 deep trolls (D)
  A glowing orange brain (D)
  An obsidian statue (D)
  A harpy (D)
  5 shining eyes (D)
  3 orc sorcerers (D)
  3 manticores (D)
  A merfolk siren (D)
  A toenail golem (D)
  An eye of devastation (D)
  An elephant (D)
  An unseen horror (D)
  2 cane toads (D)
  A yaktaur (D)
  A kobold demonologist (D)
  5 polar bears (D)
  A hornet (D)
  3 slime creatures (D)
  6 flying skulls (D)
  2 wyverns (D)
  2 redbacks (D)
  Menkaure (D)
  6 water moccasins (D)
  3 floating eyes (D)
  A swamp drake (D)
  5 necrophages (D)
  2 earth elementals (D)
  4 scorpions (D)
  9 electric eels (D)
  4 lava snakes (D)
  A jelly (D)
  An iron imp (D)
  A hell rat (D)
  A spectral bat (D)
  A spectral ball python (D)
  4 tentacles (D)
125 creatures vanquished.

Vanquished Creatures (others)
  An unseen horror (D)
  A water moccasin (D)
  A swamp drake (D)
  20 tentacles (D)
23 creatures vanquished.

Grand Total: 148 creatures vanquished

Notes
Turn   | Place    | Note
-------+----------+-------------------------------------------
     0 | D        | Ankalagon the Draconian Monk began the quest for the Orb.
     0 | D        | Reached XP level 1. HP: 19/19 MP: 1/1
     1 | D        | Noticed a necrophage
     1 | D        | Noticed a necrophage
     1 | D        | Noticed a necrophage
     1 | D        | Noticed a necrophage
     9 | D        | Killed a necrophage
    10 | D        | Reached XP level 2. HP: 26/26 MP: 2/2
    10 | D        | Reached XP level 3. HP: 31/31 MP: 3/3
    12 | D        | Killed a necrophage
    13 | D        | Reached skill level 10 in Unarmed Combat
    13 | D        | Reached XP level 4. HP: 38/38 MP: 4/4
    17 | D        | Killed a necrophage
    18 | D        | Reached XP level 5. HP: 47/47 MP: 5/5
    20 | D        | Reached skill level 5 in Fighting
    46 | D        | Noticed a water moccasin
    48 | D        | Killed a water moccasin
    59 | D        | Found an iron altar of Okawaru.
    59 | D        | Found a radiant altar of Vehumet.
    60 | D        | Found a glowing silver altar of Zin.
    61 | D        | Found a sparkling altar of Nemelex Xobeh.
    61 | D        | Found a hide-covered altar of Uskayaw.
    61 | D        | Found a basalt altar of Yredelemnul.
    62 | D        | Found an opulent altar of Gozag.
    62 | D        | Found a burning altar of Makhleb.
    62 | D        | Found a bloodstained altar of Trog.
    63 | D        | Found a blossoming altar of Fedhas.
    63 | D        | Found a corrupted altar of Lugonu.
    63 | D        | Found a shimmering blue altar of Sif Muna.
    64 | D        | Found a white marble altar of Elyvilon.
    64 | D        | Found an ancient bone altar of Kikubaaqudgha.
    65 | D        | Found a shadowy altar of Dithmenos.
    65 | D        | Found a viscous altar of Jiyva.
    65 | D        | Found a shimmering altar of Xom.
    65 | D        | Found a sacrificial altar of Ru.
    66 | D        | Found a snail-covered altar of Cheibriados.
    68 | D        | Found a hazy altar of Hepliaklqana.
    69 | D        | Found a glowing golden altar of the Shining One.
    69 | D        | Found an ornate altar of the Wu Jian Council.
    69 | D        | Found a stormy altar of Qazlal.
    71 | D        | Became a worshipper of Gozag Ym Sagoz the Greedy
    89 | D        | Noticed a merfolk siren
    96 | D        | Killed a merfolk siren
    97 | D        | Reached XP level 6. HP: 33/62 MP: 6/6
    97 | D        | Your scales start taking on a fiery red colour.
    97 | D        | Reached XP level 7. HP: 36/69 MP: 7/7
    97 | D        | Gained mutation: Your flesh is heat resistant. (rF+) [Red
                  | Draconian growth]
   255 | D        | Noticed a boulder beetle
   255 | D        | Noticed a boulder beetle
   283 | D        | Found Misauj's Armour Shoppe.
   283 | D        | Found Zaoz's Book Shoppe.
   283 | D        | Found Abegoawk's Distillery.
   283 | D        | Found Ucheac's Magic Scroll Shoppe.
   283 | D        | Found Jimijub's Antique Armour Shoppe.
   284 | D        | Found Omophat's Distillery.
   284 | D        | Found Kauryff's Antique Armour Emporium.
   285 | D        | Found Yhumocli's Jewellery Emporium.
   285 | D        | Found Mevoynue's Antique Armour Shoppe.
   285 | D        | Found Anuorr's Jewellery Emporium.
   287 | D        | Found Pistell's Antique Weapon Shoppe.
   287 | D        | Found Dipliot's Armour Emporium.
   287 | D        | Noticed Menkaure
   287 | D        | Noticed a wyvern
   287 | D        | Noticed a wyvern
   287 | D        | Noticed a wyvern
   287 | D        | Noticed an oklob plant
   291 | D        | Found Foteb's Jewellery Emporium.
   291 | D        | Found Fioduk's Antique Weapon Shoppe.
   291 | D        | Found Ivvakkeq's Book Shoppe.
   291 | D        | Noticed a yak
   292 | D        | Noticed a yak
   294 | D        | Noticed a yak
   298 | D        | Killed Menkaure
   307 | D        | Bought a +2 cloak for 198 gold pieces
   317 | D        | Bought an embroidered hat for 196 gold pieces
   325 | D        | Bought the brooch of Shielding {Spirit SH+8} for 650 gold
                  | pieces
   325 | D        | Found the brooch of Shielding {Spirit SH+8}
   365 | D        | Noticed an orange crystal statue
   382 | D        | Noticed a yaktaur
   382 | D        | Noticed a hornet
   382 | D        | Noticed a polar bear
   383 | D        | Noticed a polar bear
   386 | D        | Killed a hornet
   387 | D        | Reached skill level 10 in Fighting
   387 | D        | Reached XP level 8. HP: 79/79 MP: 8/8
   388 | D        | Killed a polar bear
   389 | D        | Noticed a polar bear
   399 | D        | Killed a yaktaur
   411 | D        | Killed a polar bear
   415 | D        | Killed a polar bear
   416 | D        | Reached skill level 10 in Dodging
   416 | D        | Reached XP level 9. HP: 74/90 MP: 5/9
   451 | D        | Noticed a death drake
   496 | D        | Bought a potion of mutation for 88 gold pieces
   497 | D        | Bought a scroll of identify for 20 gold pieces
   497 | D        | Bought a scroll of identify for 20 gold pieces
   502 | D        | Bought the +0 pair of gloves of Zoxuh {rPois Dex+3} for 286
                  | gold pieces
   507 | D        | Bought a +2 pair of boots of flying for 279 gold pieces
   540 | D        | Noticed a death drake
   550 | D        | Killed a death drake
  1034 | D        | Noticed an obsidian statue
  1295 | D        | Bought a +4 ring of protection for 432 gold pieces
  1342 | D        | Bought a potion of curing for 39 gold pieces
  1342 | D        | Bought a potion of curing for 39 gold pieces
  1344 | D        | Bought a potion of curing for 33 gold pieces
  1370 | D        | Noticed a crystal guardian
  1483 | D        | Killed a death drake
  1484 | D        | Reached skill level 15 in Unarmed Combat
  1601 | D        | Noticed a kraken
  1939 | D        | Killed a kraken
  1940 | D        | Reached XP level 10. HP: 36/104 MP: 4/10
  2357 | D        | Killed a crystal guardian
  2381 | D        | Noticed an ice dragon
  2388 | D        | Killed an ice dragon
  2389 | D        | Reached skill level 5 in Transmutations
  2389 | D        | Reached skill level 5 in Earth Magic
  2509 | D        | Noticed a deep elf master archer
  2510 | D        | Noticed a manticore
  2510 | D        | Noticed a manticore
  2510 | D        | Noticed a manticore
  3043 | D        | Identified the ring of Starshine {Ice Fly Will+ Int+3}
  3124 | D        | Noticed a sixfirhy
  3127 | D        | Noticed a sixfirhy
  3137 | D        | Killed an obsidian statue
  3138 | D        | Noticed a sixfirhy
  3146 | D        | Found Xuusaw's Book Shoppe.
  3147 | D        | Found Zausig's General Store.
  3172 | D        | Found Muemm's Magic Scroll Boutique.
  3173 | D        | Found Kaemaakh's Book Shoppe.
  3177 | D        | Noticed Nessos
  3189 | D        | Paralysed by Nessos for 3 turns
  3194 | D        | Paralysed by Nessos for 3 turns
  3213 | D        | Killed Nessos
  3218 | D        | Got the Compendium of the Welkin
  3463 | D        | Bought a scroll of fear for 44 gold pieces
  3463 | D        | Bought a scroll of fear for 44 gold pieces
  3463 | D        | Bought a scroll of torment for 104 gold pieces
  3496 | D        | Learned a level 7 spell: Storm Form
  3498 | D        | Bought a scroll of blinking for 97 gold pieces
  3498 | D        | Bought a scroll of identify for 26 gold pieces
  3498 | D        | Identified 2 scrolls of acquirement
  3500 | D        | Acquired 1197 gold pieces
  3502 | D        | Acquired the +8 storm bow {elec, penet}
  3502 | D        | Found the +8 storm bow {elec, penet}
  3524 | D        | Bought a book of the Earth for 432 gold pieces
  3541 | D        | Killed a sixfirhy
  3542 | D        | Reached skill level 1 in Spellcasting
  3542 | D        | Reached XP level 11. HP: 99/111 MP: 9/13
  3546 | D        | Killed a sixfirhy
  3554 | D        | Killed a sixfirhy
  3564 | D        | Noticed Gastronok
  3602 | D        | Killed Gastronok
  3700 | D        | Learned a level 6 spell: Statue Form
  3711 | D        | Bought a ring of willpower for 300 gold pieces
  3737 | D        | Killed a boulder beetle
  3738 | D        | Reached skill level 5 in Air Magic
  3774 | D        | Killed a boulder beetle
  3775 | D        | Reached skill level 5 in Spellcasting
  3775 | D        | Reached skill level 10 in Transmutations
  3775 | D        | Reached skill level 10 in Earth Magic
  4434 | D        | Killed a deep elf master archer
  4470 | D        | Bought a pair of glowing boots for 225 gold pieces
  4600 | D        | Noticed a dire elephant
  4600 | D        | Noticed an orc sorcerer
  4600 | D        | Noticed an orc sorcerer
  4600 | D        | Noticed an orc sorcerer
  4606 | D        | Noticed a soul eater
  4610 | D        | Killed a dire elephant
  4615 | D        | Killed an orc sorcerer
  4619 | D        | Noticed a sun demon
  4619 | D        | Killed an orc sorcerer
  4621 | D        | Killed an orc sorcerer
  4629 | D        | Found the +3 pair of mountain boots {steadfast, rC+}
  4640 | D        | Identified the +8 short sword of the Rescuing Butterfly
                  | {freeze, rPois rC+ rN+ Str-4}
  4645 | D        | Identified the +8 longbow "Taaguss" {vorpal, rC+++ Will+
                  | SInv Stlth-}
  4671 | D        | Got the Compendium of Shadowy Blasts
  4678 | D        | Identified the +9 flail of Valiance {antimagic, *Slow
                  | +Blink rC+ Int+5}
  4686 | D        | Got Qyxar's Compilation of Metamorphosis and Bedrock
  4735 | D        | Reached XP level 12. HP: 109/118 MP: 23/23
  4815 | D        | Noticed a sphinx
  4816 | D        | Noticed a sphinx
  4818 | D        | Killed a sphinx
  4824 | D        | Killed a sphinx
  4873 | D        | Noticed Sonja
  4873 | D        | Noticed a hellephant
  4873 | D        | Noticed a purple draconian shifter
  4892 | D        | Killed a purple draconian shifter
  5293 | D        | Acquired 1052 gold pieces
  5596 | D        | Killed Sonja
  5597 | D        | Reached skill level 10 in Air Magic
  5884 | D        | Noticed Kirke
  5884 | D        | Noticed a yaktaur captain
  5907 | D        | Noticed a storm dragon
  5911 | D        | Noticed a centaur warrior
  5917 | D        | Killed a storm dragon
  5924 | D        | Killed a centaur warrior
  5939 | D        | Killed a yaktaur captain
  5940 | D        | Reached skill level 10 in Spellcasting
  5988 | D        | Noticed a sphinx
  5996 | D        | Killed Kirke
  6411 | D        | Noticed a bone dragon
  6411 | D        | Noticed a cacodemon
  6412 | D        | Noticed a deep elf high priest
  6412 | D        | Noticed a golden dragon
  6437 | D        | Killed a bone dragon
  6586 | D        | Bought a ring of flight for 227 gold pieces
  6622 | D        | Gained mutation: You do not regenerate when monsters are
                  | visible. [a cacodemon]
  6630 | D        | Killed a cacodemon
  6631 | D        | Reached XP level 13. HP: 125/125 MP: 17/27
  6634 | D        | Noticed a frost giant
  6643 | D        | Killed a golden dragon
  6644 | D        | Reached skill level 15 in Transmutations
  6647 | D        | Killed a frost giant
  6910 | D        | Bought a scroll labelled BIFIMO GITOTE for 32 gold pieces
  6912 | D        | Bought a scroll of identify for 24 gold pieces
  6912 | D        | Bought a potion of heal wounds for 60 gold pieces
  6912 | D        | Bought a scroll of fog for 48 gold pieces
  6912 | D        | Bought a potion of cancellation for 96 gold pieces
  6919 | D        | Bought a scroll of acquirement for 1664 gold pieces
  6919 | D        | Acquired 899 gold pieces
  6983 | D        | Found Vewidwe's Armour Emporium.
  6983 | D        | Found Archosemn's Jewellery Shop.
  6983 | D        | Found Fyito's Book Shop.
  6983 | D        | Found Toned's Assorted Antiques.
  6983 | D        | Found Istras's Jewellery Boutique.
  6984 | D        | Found Amecei's Weapon Shoppe.
  6984 | D        | Found Moixeu's Assorted Antiques.
  6984 | D        | Found Toicedoh's Armour Emporium.
  6984 | D        | Found Zydemiro's Distillery.
  6984 | D        | Found Zyusoexo's Distillery.
  6984 | D        | Found Leihudex's Antique Weapon Shop.
  6984 | D        | Found Nyudod's Antique Weapon Shoppe.
  6990 | D        | Bought a sedimented dark potion for 27 gold pieces
  6990 | D        | Bought a scroll labelled BIFIMO GITOTE for 30 gold pieces
  6990 | D        | Bought a scroll of identify for 60 gold pieces
  6990 | D        | Bought a scroll of identify for 60 gold pieces
  6997 | D        | Bought a scroll labelled CODUTOAN HURAI for 18 gold pieces
  6997 | D        | Bought a scroll of identify for 36 gold pieces
  6997 | D        | Bought a scroll of identify for 36 gold pieces
  7000 | D        | Bought a potion of curing for 42 gold pieces
  7000 | D        | Bought a potion of heal wounds for 70 gold pieces
  7000 | D        | Bought a potion of curing for 42 gold pieces
  7000 | D        | Bought a potion of heal wounds for 70 gold pieces
  7000 | D        | Bought a potion of haste for 140 gold pieces
  7000 | D        | Bought 2 potions of mutation for 224 gold pieces
  7001 | D        | Lost mutation: You do not regenerate when monsters are
                  | visible. [potion of mutation]
  7001 | D        | Gained mutation: You expend magic power (3 MP) to
                  | strengthen your wands. [potion of mutation]
  7001 | D        | Gained mutation: Your tail ends in a venomous barb. [potion
                  | of mutation]
  7001 | D        | Gained mutation: You have an increased reservoir of magic.
                  | (+10% MP) [potion of mutation]
  7001 | D        | Gained mutation: Your large and strong wings let you fly.
                  | [potion of mutation]
  7003 | D        | Bought the +0 mask of the Dragon {Will+ Slay+3 SInv} for
                  | 334 gold pieces
  7003 | D        | Found the +0 mask of the Dragon {Will+ Slay+3 SInv}
  7014 | D        | Bought a potion of curing for 30 gold pieces
  7014 | D        | Bought a potion of magic for 80 gold pieces
  7014 | D        | Bought a potion of invisibility for 80 gold pieces
  7014 | D        | Bought a potion of cancellation for 80 gold pieces
  7014 | D        | Bought a potion of haste for 100 gold pieces
  7014 | D        | Bought a potion of curing for 30 gold pieces
  7014 | D        | Bought a potion of curing for 30 gold pieces
  7014 | D        | Bought a potion of mutation for 80 gold pieces
  7014 | D        | Bought a potion of heal wounds for 50 gold pieces
  7024 | D        | Bought the +3 crown of Dyrovepreva {rElec Int+2 SInv} for
                  | 1366 gold pieces
  7024 | D        | Found the +3 crown of Dyrovepreva {rElec Int+2 SInv}
  7150 | D        | Found Tybbed's Assorted Antiques.
  7150 | D        | Found Cainug's Book Shop.
  7150 | D        | Found Sucycato's General Store.
  7150 | D        | Found Kiroluysh's Book Boutique.
  7150 | D        | Noticed a golden dragon
  7164 | D        | Killed a golden dragon
  7165 | D        | Reached skill level 15 in Air Magic
  7170 | D        | Bought a potion of curing for 42 gold pieces
  7170 | D        | Bought a scroll of identify for 28 gold pieces
  7178 | D        | Noticed a storm dragon
  7188 | D        | Killed a storm dragon
  7354 | D        | Noticed a deep elf blademaster
  7368 | D        | Killed a deep elf blademaster
  7498 | D        | Paralysed by a floating eye for 2 turns
  7506 | D        | Paralysed by a floating eye for 4 turns
  7512 | D        | Paralysed by a floating eye for 2 turns
  7645 | D        | Bought a scroll of amnesia for 44 gold pieces
  7646 | D        | Bought a book of Spatial Translocations for 338 gold pieces
  7651 | D        | Learned a level 2 spell: Blink
  7661 | D        | Learned a level 7 spell: Dragon Form
  7743 | D        | Gained mutation: Your body sometimes deteriorates upon
                  | taking damage. [a shining eye]
  7757 | D        | Reached skill level 1 in Translocations
  7760 | D        | Gained mutation: You occasionally lose the ability to drink
                  | potions when taking damage. [a shining eye]
  7762 | D        | Gained mutation: You have a pair of small antennae on your
                  | head. [a shining eye]
  7783 | D        | Gained mutation: You sometimes lose the ability to drink
                  | potions when taking damage. [a shining eye]
  7785 | D        | Gained mutation: Your spells are a little easier to cast,
                  | but a little less powerful. [a shining eye]
  7790 | D        | Noticed a fire dragon
  7801 | D        | Killed a fire dragon
  7802 | D        | Reached skill level 5 in Translocations
  7843 | D        | Acquired 1239 gold pieces
  7849 | D        | Bought an embroidered scarf for 280 gold pieces
  7853 | D        | Noticed an electric golem
  7853 | D        | Noticed an iron golem
  7866 | D        | Killed an electric golem
  7883 | D        | Killed an iron golem
  8229 | D        | Noticed a vampire knight
  8229 | D        | Noticed a royal mummy
  8232 | D        | Noticed Gloorx Vloq
  8233 | D        | Noticed a curse toe
  8234 | D        | Noticed an Executioner
  8234 | D        | Noticed an Executioner
  8234 | D        | Noticed an Executioner
  8234 | D        | Noticed an Executioner
  8248 | D        | Killed Gloorx Vloq
  8248 | D        | HP: 4/162 [death scarab[a royal mummy] (5)]
  8249 | D        | Reached skill level 15 in Fighting
  8249 | D        | Reached XP level 14. HP: 2/135 MP: 0/31
  8249 | D        | Mangled by a deathcap

Illustrated notes

Levels and vault maps discovered:
D:        the_violet_keep_of_menkaure [sprint2_stairs_cluster_1,
          sprint2_shoproom, sprint2_temple, sprint2_basic_supplies,
          sprint2_obstacle_4, sprint2_obstacle_3, sprint2_obstacle_7,
          sprint2_obstacle_2, sprint2_obstacle_5, sprint2_timed_cluster_1,
          sprint2_smallroom_cluster_1, sprint2_smallroom_final_cluster_1,
          sprint2_transparent_cluster_1, sprint2_second_timed_cluster_1,
          sprint2_sniper_area_1, sprint2_heavy_combat_area_1,
          sprint2_mutation_trap_area_1, sprint2_forest_area_1,
          sprint2_light_combat_area_1, sprint2_behind_water_1,
          sprint2_near_end_vault_1]

Skill      XL: |  1  2  3  4  5  6  7  8  9 10 11 12 13 |
---------------+----------------------------------------+-----
Unarmed Combat | 8 10 12 13 14 16 | 16.8
Fighting       | 4 8 10 11 14 15 | 15.5
Dodging        | 3 7 8 10 12 13 | 13.2
Transmutations | 8 11 14 18 | 18.0
Earth Magic    | 8 11 14 | 14.0
Spellcasting   | 1 7 10 | 10.4
Air Magic      | 2 8 12 18 | 18.0
Translocations | 5 |  5.0
Evocations     | 4 |  4.3
Stealth        | |  1.7

Action                   |  1- 3 |  4- 6 |  7- 9 | 10-12 | 13-15 || total
-------------------------+-------+-------+-------+-------+-------++-------
Melee: Unarmed           |     8 |    12 |    96 |   281 |   189 ||   586
       Tailslap          |     1 |       |    23 |    61 |    50 ||   135
       Punch             |       |     3 |    13 |    40 |    20 ||    76
 Cast: Statue Form       |       |       |       |    12 |     7 ||    19
       Storm Form        |       |       |       |       |     1 ||     1
Invok: Call Merchant     |       |       |       |     2 |     4 ||     6
       Potion Petition   |       |       |       |       |     1 ||     1
 Abil: Breathe Fire      |       |       |    10 |    16 |       ||    26
       End Transformatio |       |       |       |     1 |       ||     1
       Blinkbolt         |       |       |       |       |     1 ||     1
  Use: Potion            |     1 |       |     2 |     5 |     3 ||    11
       Scroll            |       |       |     9 |     6 |    11 ||    26
 Stab: Sleeping          |       |       |       |     4 |       ||     4
       Distracted        |       |       |       |     2 |       ||     2
Armor: Skin              |       |     1 |    13 |   147 |    92 ||   253
Dodge: Dodged            |     4 |     5 |    54 |   222 |   150 ||   435
Block: Other             |       |       |    25 |    67 |    76 ||   168

Table legend: (Time is in decaauts)
 A = Elapsed time spent in this place.
 B = Non-inter-level travel time spent in this place.
 C = Inter-level travel time spent in this place.
 D = Time resting spent in this place.
 E = Time spent auto-exploring this place.
 F = Levels seen in this place.
 G = Mean time per level.
                   A        B        C        D        E       F      G
               +--------+--------+--------+--------+--------+-----+--------+
         Total |   8423 |   8392 |     31 |   5160 |      0 |   1 | 8423.0 |
       Dungeon |   8423 |   8392 |     31 |   5160 |      0 |   1 | 8423.0 |
               +--------+--------+--------+--------+--------+-----+--------+

Top non-repeatable levels by time:
       D: 8423 daAuts
